 Dungeon Crawl Stone Soup version 0.29.0-4-gdea44cf6ec (webtiles) character file.

Game seed: 14303013253283477739

367 Iusername the Covered (level 7, -16/53 HPs)
             Began as a Human Fighter on Aug 26, 2022.
             Demolished by an orc warrior
             ... wielding a +0 halberd
              (17 damage)
             ... on level 4 of the Dungeon.
             The game lasted 00:10:41 (6209 turns).

Iusername the Covered (Human Fighter)               Turns: 6209, Time: 00:10:42

Health: -16/53     AC: 11    Str: 15 (16) XL:     7   Next: 1%
Magic:  7/7        EV:  9    Int: 10 (11) God:
Gold:   125        SH:  5    Dex: 13 (15) Spells: 6/6 levels left

rFire   . . .      SeeInvis .   a - +1 long sword
rCold   . . .      Faith    .   c - +0 buckler
rNeg    . . .      Spirit   .   b - +0 scale mail
rPois   .          Reflect  .   k - +0 helmet
rElec   .          Harm     .   (no cloak)
rCorr   .          Rampage  .   q - +1 pair of gloves {Dex+3}
Will    .....                   u - +0 pair of boots
Stlth   ..........              (no amulet)
HPRegen 0.17/turn               (no ring)
MPRegen 0.10/turn               (no ring)

@: no status effects
A: no striking features
a: no special abilities


You were on level 4 of the Dungeon.
You visited 1 branch of the dungeon, and saw 4 of its levels.

You collected 125 gold pieces.

Inventory:

Hand Weapons
 a - a +1 long sword (weapon)
Missiles
 n - 2 boomerangs
 s - 4 javelins
Armour
 b - a +0 scale mail (worn)
 c - a +0 buckler (worn)
 k - a +0 helmet (worn)
 q - a +1 pair of gloves of dexterity (worn)
 u - a +0 pair of boots (worn)
Jewellery
 m - a ring of magical power
Wands
 h - a wand of flame (7) (quivered)
Scrolls
 g - a scroll of enchant armour {unknown}
 i - 2 scrolls of fear
 j - a scroll of fog
 r - a scroll of torment
Potions
 e - a potion of berserk rage {unknown}
 l - a potion of brilliance


   Skills:
 + Level 3.8 Fighting
 + Level 3.6 Long Blades
 + Level 0.3 Throwing
 + Level 4.5 Armour
 + Level 2.3 Dodging
 + Level 1.2 Stealth
 + Level 3.7 Shields
 + Level 0.3 Evocations


You had 6 spell levels left.
You didn't know any spells.
Your spell library contained the following spells:

 Spells                   Type           Power      Damage    Failure   Level
 Stone Arrow              Conj/Erth      0%         3d7       99%         3
 Tukima's Dance           Hex            0%         N/A       99%         3
 Animate Armour           Summ/Erth      0%         N/A       100%        4
 Passage of Golubria      Tloc           0%         N/A       100%        4
 Yara's Violent Unravell  Hex/Tmut       0%         3d3       100%        5
 Lehudib's Crystal Spear  Conj/Erth      0%         10d2      100%        8


Dungeon Overview and Level Annotations

Branches:
Dungeon (4/15)             Temple (0/1) D:4

Altars:
Gozag
Hepliaklqana
Uskayaw


Message History

Found a staircase to the Ecumenical Temple.
The orc warrior hits you with a +0 halberd!
You closely miss the orc warrior. The kobold hits you but does no damage.
You block the orc warrior's attack.
A hobgoblin comes into view.
You hit the orc warrior but do no damage.
You block the kobold's attack. The orc warrior misses you.
You hit the orc warrior.
The orc warrior is lightly wounded.
The kobold hits you but does no damage.
The orc warrior hits you with a +0 halberd!
* * * LOW HITPOINT WARNING * * *
You block the orc warrior's attack. The kobold hits you but does no damage.
The orc hits you with a +0 short sword.
* * * LOW HITPOINT WARNING * * *
The orc warrior attacks as you move away!
The orc warrior hits you with a +0 halberd.
* * * LOW HITPOINT WARNING * * *
Found 5 gold pieces.
The kobold closely misses you. The orc barely misses you.
The orc warrior barely misses you.
Things that are here:
a +0 club; a +0 leather armour; an orc corpse The kobold attacks as you move away!
The kobold barely misses you.
The orc warrior hits you from afar with a +0 halberd.
* * * LOW HITPOINT WARNING * * *
You hit the kobold.
The kobold is severely wounded.
The kobold hits you but does no damage. The orc warrior misses you.
You block the orc's attack.
You closely miss the kobold.
The kobold is severely wounded.
The kobold hits you but does no damage.
The orc warrior hits you from afar with a +0 halberd.
* * * LOW HITPOINT WARNING * * *
It was a potion of degeneration.
There was something very wrong with that liquid.
You feel weakened.
You feel dopey.
You feel clumsy. The kobold hits you but does no damage.
The orc barely misses you.
The orc warrior hits you from afar with a +0 halberd!
You die...

.#####. .......##..#...
..#.#.. ..............
....... #.#...........
.......###...#.........
.......#.....#..#......
.............?..#......
............)###o......
#.......##!#..#o...#...
#........###..@Kg.....#
#........#######.......
..####......####.....#.
. #..##†.........#.#
###...#.........#.#.
#.....†.....#....#.>
.....#<.....##...#.#.
.....###.....# .#.$#.#
..... ##.......


You could see an orc warrior, an orc, a hobgoblin and a kobold.

Vanquished Creatures
  A kobold brigand (D:3)
  Jessica (D:3)
  Terence (D:3)
  Natasha (thrice) (D:3)
  Robin (D:3)
  5 adders
  4 dart slugs
  2 orcs
  9 ball pythons
  5 bats
  7 endoplasms
  4 giant cockroaches
  20 goblins
  7 hobgoblins
  4 jackals (D:2)
  7 quokkas
  3 frilled lizards (D:1)
  4 kobolds
  11 rats
99 creatures vanquished.

Vanquished Creatures (others)
  4 plants (D:3)
4 creatures vanquished.

Grand Total: 103 creatures vanquished

Notes
Turn   | Place    | Note
-------+----------+-------------------------------------------
     0 | D:1      | Iusername the Human Fighter began the quest for the Orb.
     0 | D:1      | Reached XP level 1. HP: 18/18 MP: 1/1
   101 | D:1      | Reached XP level 2. HP: 18/24 MP: 2/2
   604 | D:1      | Reached XP level 3. HP: 20/29 MP: 3/3
  1517 | D:2      | Reached XP level 4. HP: 35/35 MP: 4/4
  3035 | D:3      | Reached XP level 5. HP: 26/41 MP: 5/5
  4235 | D:3      | Noticed Robin
  4242 | D:3      | Reached skill level 4 in Armour
  4247 | D:3      | Noticed Terence
  4261 | D:3      | Killed Terence
  4262 | D:3      | Reached skill level 1 in Dodging
  4651 | D:3      | Found a faded altar of an unknown god.
  4735 | D:3      | Found an opulent altar of Gozag.
  4803 | D:3      | Found a hide-covered altar of Uskayaw.
  4925 | D:3      | Killed Robin
  5404 | D:3      | Noticed a kobold brigand
  5404 | D:3      | Noticed Natasha
  5406 | D:3      | Noticed Jessica
  5415 | D:3      | Killed Natasha
  5416 | D:3      | Reached XP level 6. HP: 31/48 MP: 6/6
  5436 | D:3      | Found a faded altar of an unknown god.
  5436 | D:3      | Found a hazy altar of Hepliaklqana.
  5515 | D:3      | Killed Jessica
  5620 | D:3      | Noticed Natasha
  5626 | D:3      | Killed Natasha
  5627 | D:3      | Reached skill level 1 in Stealth
  5730 | D:3      | Noticed Natasha
  5738 | D:3      | Killed Natasha
  6158 | D:4      | Reached XP level 7. HP: 49/53 MP: 7/7
  6201 | D:4      | Found a staircase to the Ecumenical Temple.
  6208 | D:4      | HP: 1/53 [orc warrior/+0 halberd (4)]
  6209 | D:4      | Demolished by an orc warrior

Illustrated notes

Levels and vault maps discovered:
D:1:      dpeg_arrival_subterranean_lakeside_camping, layout_basic,
          serial_park_tiny_2
D:2:      layout_loops_ring, st_stairs_9, minmay_misc_feat_five
D:3:      layout_rooms, mainiacjoe_overflow_surrounded_room,
          mainiacjoe_overflow_alcove_4, beargit_hepliaklqana_dungeon_heroes,
          ebering_ecumenical_altar_rust, minmay_unequal, uniq_natasha,
          uniq_terence, uniq_robin, uniq_jessica
D:4:      layout_cave_pools, fedhas_altar_fruit_tree, minmay_temple_entry_grid,
          serial_shops, nicolae_shop_statue_plus, uniq_edmund

Skill      XL: |  1  2  3  4  5  6 |
---------------+-------------------+-----
Long Blades    | 3 |  3.6
Armour         | 4 |  4.5
Dodging        | 1 2 |  2.3
Stealth        | 1 |  1.2
Fighting       | |  3.8
Throwing       | |  0.3
Shields        | |  3.7
Evocations     | |  0.3

Action                   |  1- 3 |  4- 6 |  7- 9 || total
-------------------------+-------+-------+-------++-------
Melee: Long sword        |   109 |   184 |    13 ||   306
Throw: Boomerang         |     5 |     6 |       ||    11
       Javelin           |       |     7 |       ||     7
Evoke: Wand              |       |    14 |       ||    14
  Use: Potion            |       |     8 |     1 ||     9
       Scroll            |       |    11 |       ||    11
Armor: Scale mail        |    72 |   189 |     8 ||   269
Dodge: Dodged            |    46 |   158 |    11 ||   215
Block: Buckler           |    27 |    72 |     8 ||   107
